 Dungeon Crawl Stone Soup version 0.28-a0-1613-gdaab1c2f9b (webtiles) character file.

Game seed: 8515240908555613926

46 mcsnuffy the Conjurer (level 3, 0/26 HPs)
             Began as a Demigod Conjurer on Jan 20, 2022.
             Succumbed to an adder's poison
             ... on level 3 of the Dungeon on Jan 21, 2022.
             The game lasted 00:08:31 (1764 turns).

mcsnuffy the Conjurer (Demigod Conjurer)            Turns: 1764, Time: 00:08:32

Health: 0/26       AC:  5    Str:  8    XL:     3   Next: 27%
Magic:  1/8        EV: 12    Int: 24    God:
Gold:   85         SH:  0    Dex: 12    Spells: 2/5 levels left

rFire   . . .      SeeInvis .   f - +0 mace
rCold   . . .      Faith    .   (no shield)
rNeg    . . .      Spirit   .   a - +0 robe
rPois   .          Reflect  .   (no helmet)
rElec   .          Harm     .   b - +0 cloak
rCorr   .          Rampage  .   (no gloves)
Will    .....                   r - +1 pair of boots
Stlth   ++........              (no amulet)
HPRegen 0.08/turn               (no ring)
MPRegen 0.11/turn               (no ring)

@: lethally poisoned (0 -> -8)
A: high mp 1, forlorn, divine attributes
a: no special abilities


You were on level 3 of the Dungeon.
You visited 1 branch of the dungeon, and saw 3 of its levels.

You collected 85 gold pieces.


Innate Abilities, Weirdness & Mutations

You have an increased reservoir of magic. (+10% MP)
You shall have no god before yourself.
Your divine heritage dramatically boosts your attributes as you level up.


   Skills:
 - Level 1.7 Dodging
 - Level 1.7 Stealth
 - Level 1.7 Spellcasting
 + Level 4.8 Conjurations


You had 2 spell levels left.
You knew the following spells:

 Your Spells              Type           Power      Damage    Failure   Level
m - Magic Dart            Conj           100%       1d8       1%          1
s - Searing Ray           Conj           50%        2d6       2%          2

Your spell library contained the following spells:

 Spells                   Type           Power      Damage    Failure   Level
 Call Imp                 Summ           2%         N/A       19%         2
 Dazzling Flash           Conj/Hex       26%        N/A       14%         3
 Mephitic Cloud           Conj/Pois/Air  9%         N/A       19%         3
 Fulminant Prism          Conj/Hex       6%         3d7       41%         4
 Iskenderun's Mystic Bla  Conj/Tloc      13%        2d5       41%         4

Inventory:

Hand Weapons
 c - a +0 mace
 f - a +0 mace (weapon)
Missiles
 i - 5 datura-tipped darts
 o - 4 atropa-tipped darts
Armour
 a - a +0 robe (worn)
 b - a +0 cloak (worn)
 g - a +0 leather armour
 r - a +1 pair of boots (worn)
Jewellery
 p - an amulet of reflection
Scrolls
 d - a scroll of vulnerability {unknown}
 e - a scroll of holy word {unknown}
 h - a scroll of teleportation {unknown}
 j - a scroll of silence {!r}
 l - a scroll of immolation {unknown}
 m - a scroll of fear {unknown}
 n - a scroll of blinking {unknown}
 q - 2 scrolls of identify {unknown}
Potions
 k - a potion of resistance {unknown}

Dungeon Overview and Level Annotations

Branches:
Dungeon (3/15)

Shops:
D:2

( #<.. #... ##.#<..
.......... #######....#
#.....###### #.....# #
#############.....######
......)@...)......'.....
......S######.....######
......$ #.....# #
....... #.....# #
....... #.....# #
....... #.....# #
....... #.....# #
....... #.....# # #


You could see an adder.


Message History

The adder bites you.
You are poisoned.
The adder poisons you! The adder bites you.
You hit the adder but do no damage.
The adder is severely wounded.
You feel very sick. The adder barely misses you.
You closely miss the adder.
The adder is severely wounded.
You feel sick. The adder bites you. x2
* * * LOW HITPOINT WARNING * * *
You are more poisoned.
The adder poisons you!
You completely miss the adder.
The adder is severely wounded.
You feel very sick. The adder misses you. The adder closely misses you.
You closely miss the adder.
The adder is severely wounded.
You feel sick. The adder barely misses you.
The adder bites you but does no damage.
You closely miss the adder.
The adder is severely wounded.
You feel sick. The adder bites you but does no damage. The adder bites you.
* * * LOW HITPOINT WARNING * * *
You are more poisoned.
The adder poisons you!
You miss the adder.
The adder is severely wounded.
You die...

Skill      XL: |  1 |
---------------+----+-----
Conjurations   | 4 |  4.8
Dodging        | |  1.7
Stealth        | |  1.7
Spellcasting   | |  1.7

Action                   || total
-------------------------++-------
Melee: Unarmed           ||     4
       Mace              ||     6
 Cast: Magic Dart        ||    74
  Use: Scroll            ||     1
Armor: Robe              ||     8
Dodge: Dodged            ||    15

Levels and vault maps discovered:
D:1:      lightli_arrival_boilingwater, layout_basic, basic_ecumenical_altar,
          minmay_misc_feat_pillars, supply_closet_lemuel, interstate_on_off,
          kennysheep_minor_cross
D:2:      layout_rooms, serial_shops, nicolae_shop_statue_plus
D:3:      layout_basic, serial_shops, nicolae_shop_behind_doors,
          minmay_quantized

Notes
Turn   | Place    | Note
-------+----------+-------------------------------------------
     0 | D:1      | mcsnuffy the Demigod Conjurer began the quest for the Orb.
     0 | D:1      | Reached XP level 1. HP: 14/14 MP: 5/5
   117 | D:1      | Reached skill level 4 in Conjurations
   440 | D:1      | Reached XP level 2. HP: 20/20 MP: 5/7
   443 | D:1      | Learned a level 2 spell: Searing Ray
  1002 | D:2      | Found Wol Quum's Weapon Shop.
  1532 | D:2      | Reached XP level 3. HP: 26/26 MP: 4/8
  1532 | D:2      | Upgraded the game from 0.28-a0-1594-ga885d4b3d6 to
                  | 0.28-a0-1613-gdaab1c2f9b
  1764 | D:3      | Succumbed to an adder's poison

Vanquished Creatures
  An adder (D:2)
  A dart slug (D:2)
  2 orcs (D:3)
  6 bats
  3 endoplasms
  4 goblins
  A hobgoblin (D:1)
  4 kobolds
  2 quokkas
  4 ball pythons (D:1)
  A frilled lizard (D:1)
  2 rats (D:1)
31 creatures vanquished.

Table legend: (Time is in decaauts)
 A = Elapsed time spent in this place.
 B = Non-inter-level travel time spent in this place.
 C = Inter-level travel time spent in this place.
 D = Time resting spent in this place.
 E = Time spent auto-exploring this place.
 F = Levels seen in this place.
 G = Mean time per level.
                   A        B        C        D        E       F      G
               +--------+--------+--------+--------+--------+-----+--------+
         Total |   1774 |   1702 |     72 |    266 |   1100 |   3 |  591.3 |
       Dungeon |   1774 |   1702 |     72 |    266 |   1100 |   3 |  591.3 |
               +--------+--------+--------+--------+--------+-----+--------+

Top non-repeatable levels by time:
     D:1: 1001 daAuts
     D:2: 690 daAuts
     D:3: 82 daAuts

Table legend:
 A = Non-vault XP
 B = Vault XP
 C = Vault XP percentage of total XP
 D = Non-vault monster count
 E = Vault monster count
 F = Vault count percentage of total count
                 A         B        C        D         E       F
            +---------+---------+-------+---------+---------+-------
      Total |      67 |       0 |   0.0 |      31 |       0 |   0.0
            +---------+---------+-------+---------+---------+-------
        D:1 |      25 |       0 |   0.0 |      15 |       0 |   0.0
        D:2 |      34 |       0 |   0.0 |      13 |       0 |   0.0
        D:3 |       8 |       0 |   0.0 |       3 |       0 |   0.0
            +---------+---------+-------+---------+---------+-------
